 Dungeon Crawl Stone Soup version 0.22-a0-348-gd16d139 (webtiles) character file.

784 Amnesiac the Slicer (level 7, -1/34 HPs)
             Began as a Vine Stalker Gladiator on Apr 9, 2018.
             Slain by a scorpion (3 damage)
             ... on level 5 of the Dungeon.
             The game lasted 00:04:10 (2968 turns).

Amnesiac the Slicer (Vine Stalker Gladiator)        Turns: 2968, Time: 00:04:10

Health: -1/34      AC: 11    Str: 18    XL:     7   Next: 86%
Magic:  0/8        EV:  8    Int:  8    God:
Gold:   186        SH:  0    Dex: 16    Spells: 6/6 levels left

rFire    . . .     SeeInvis .   a - +1 rapier
rCold    . . .     Gourm    .   (no shield)
rNeg     . . .     Faith    .   l - +0 chain mail
rPois    .         Spirit   +   c - +0 helmet
rElec    .         Reflect  .   (no cloak)
rCorr    .         Harm     .   s - +0 pair of gloves
MR       .....                  k - +0 pair of boots
Stlth    ..........             (no amulet)
HPRegen  0.51/turn              (no ring)
MPRegen  0.11/turn              (no ring)

@: lethally poisoned (-1 -> -3)
A: fangs 2, regeneration 1, magic shield, antimagic bite, no potion heal 3, rot
immunity
a: no special abilities


You were on level 5 of the Dungeon.
You were hungry.

You visited 1 branch of the dungeon, and saw 5 of its levels.

You collected 186 gold pieces.

Inventory:

Hand Weapons
 a - a +1 rapier (weapon)
Missiles
 d - 3 throwing nets (quivered)
 g - 14 poisoned needles
Armour
 c - a +0 helmet (worn)
 k - a +0 pair of boots (worn)
 l - a +0 chain mail (worn)
 s - a +0 pair of gloves (worn)
 w - the +0 cloak "Cigiukh" {rCorr Str+3 Stlth+, unknown}
   (You found it on level 4 of the Dungeon)

   It affects your strength (+3).
   It protects you from acid and corrosion.
   It makes you more stealthy.
Jewellery
 q - an uncursed ring of resist corrosion {unknown}
Wands
 n - a wand of acid (14)
Scrolls
 e - a scroll of fear {!r, unknown}
 i - 2 scrolls of teleportation {!r}
 j - 3 scrolls of identify {!r}
 o - a scroll of enchant armour {!r, unknown}
 u - a scroll of blinking {!r, unknown}
 v - a scroll of remove curse {!r}
Potions
 b - a potion of brilliance {!q, unknown}
 h - a potion of resistance {!q}
 p - a potion of agility {!q}
 r - a potion of curing {!q}
 t - a potion of might {!q, unknown}
Comestibles
 f - 5 rations


   Skills:
 - Level 1.7 Fighting
 - Level 8.2 Short Blades
 + Level 2.0 Throwing
 - Level 2.4 Dodging


You had 6 spell levels left.
You didn't know any spells.

Dungeon Overview and Level Annotations

Branches:
Dungeon (5/15)
 Temple: D:4-7

Altars:
Cheibriados
Hepliaklqana
Nemelex Xobeh
Trog
Uskayaw
Vehumet


Innate Abilities, Weirdness & Mutations

You have extremely sharp teeth.
Your natural rate of healing is unusually fast.
When hurt, damage is shared between your health and your magic reserves.
Your bite disrupts and absorbs the magic of your enemies.
Potions cannot restore your health.
You are immune to rotting.


Message History

The phantom blinks!
You puncture the phantom! You bite the phantom.
The phantom's magic leaks into the air.
You drain its magic.
You feel invigorated.
The phantom is heavily damaged.
The howler monkey hits you.
* * * LOW HITPOINT WARNING * * *
You puncture the phantom!
The phantom is severely damaged.
The phantom hits you but does no damage.
The howler monkey hoots and howls with incredible vigour!
A scorpion comes into view.
You miss the phantom.
The phantom is severely damaged.
The howler monkey hits you but does no damage.
The phantom closely misses you.
The phantom hits you but does no damage.
You hit the phantom.
The phantom is severely damaged.
The howler monkey barely misses you. The phantom barely misses you.
You closely miss the phantom. You bite the phantom, but do no damage.
The phantom is severely damaged.
The howler monkey hits you.
* * * LOW HITPOINT WARNING * * *
The phantom barely misses you.
You hit the phantom. You bite the phantom, but do no damage.
The phantom is almost destroyed.
The howler monkey barely misses you.
You barely miss the phantom.
The phantom is almost destroyed.
The phantom blinks!
The howler monkey hits you.
* * * LOW HITPOINT WARNING * * *
The howler monkey hoots and howls with incredible vigour!
Found a quarterstaff.
You barely miss the phantom.
The phantom is almost destroyed.
The phantom hits you but does no damage.
The scorpion stings you but does no damage.
Your chain mail prevents you from hitting the phantom.
The phantom is almost destroyed.
The howler monkey hits you but does no damage.
The phantom hits you but does no damage.
You hit the phantom.
The phantom is almost destroyed.
The scorpion stings you but does no damage.
The howler monkey closely misses you.
The leopard gecko hisses menacingly.
The phantom hits you but does no damage.
All of the chunks of flesh in your inventory have rotted away.
You hit the phantom. You bite the phantom.
The phantom's magic leaks into the air.
You drain its magic.
You feel invigorated.
The phantom is almost destroyed.
The howler monkey hits you but does no damage.
The scorpion stings you.
* * * LOW HITPOINT WARNING * * *
You are poisoned.
The scorpion poisons you!
You feel sick.
The howler monkey hoots and howls with incredible vigour!
The phantom hits you.
* * * LOW HITPOINT WARNING * * *
The phantom blinks!
The scorpion stings you!
You die...

..#..
#.)..
.#..###
#.....#
#...#.#
#...#.#
#.#...#
#..W@ยง#
##l#s.#
#..h##
##.##
#g# #g#
#.# #g#
#g#


You could see a phantom, a scorpion, a howler monkey, 3 gnolls and a leopard
gecko.

Vanquished Creatures
  The ghost of Amnesiac the Cutter, an amateur VSGl of Okawaru (D:3)
  A sky beast (D:5)
  2 centaurs (D:5)
  A scorpion (D:4)
  2 howler monkeys
  4 worker ants
  2 iguanas (D:4)
  3 gnolls (D:4)
  6 adders
  2 oozes
  An adder skeleton (D:4)
  4 worms
  A dart slug (D:2)
  3 leopard geckos
  2 orcs (D:4)
  A ball python (D:3)
  6 bats
  4 giant cockroaches
  3 goblins
  3 hobgoblins
  9 jackals
  2 quokkas
  4 frilled lizards
  A jackal zombie (D:5)
  8 kobolds
  A leopard gecko skeleton (D:4)
  A quokka zombie (D:5)
  9 rats
87 creatures vanquished.

Notes
Turn   | Place    | Note
-------+----------+-------------------------------------------
     0 | D:1      | Amnesiac the Vine Stalker Gladiator began the quest for the Orb.
     0 | D:1      | Reached XP level 1. HP: 11/11 MP: 2/2
   327 | D:1      | Reached skill level 3 in Short Blades
   327 | D:1      | Reached XP level 2. HP: 13/15 MP: 3/3
   803 | D:2      | Reached XP level 3. HP: 6/18 MP: 2/4
   828 | D:2      | Reached skill level 4 in Short Blades
  1081 | D:2      | Gained mutation: Your natural rate of healing is unusually fast. [Vine Stalker growth]
  1081 | D:2      | Reached XP level 4. HP: 23/23 MP: 5/5
  1261 | D:2      | Found a hide-covered altar of Uskayaw.
  1312 | D:2      | Found a bloodstained altar of Trog.
  1313 | D:2      | Found a hazy altar of Hepliaklqana.
  1363 | D:2      | Found a sparkling altar of Nemelex Xobeh.
  1478 | D:2      | Found a faded altar of an unknown god.
  1674 | D:3      | Noticed Amnesiac's ghost (amateur VSGl)
  1760 | D:3      | Killed Amnesiac's ghost
  1760 | D:3      | Reached skill level 5 in Short Blades
  1760 | D:3      | Reached XP level 5. HP: 20/26 MP: 4/6
  2253 | D:4      | Reached skill level 6 in Short Blades
  2253 | D:4      | Reached XP level 6. HP: 30/30 MP: 7/7
  2419 | D:4      | Found a radiant altar of Vehumet.
  2489 | D:4      | Reached skill level 7 in Short Blades
  2489 | D:4      | Reached XP level 7. HP: 34/34 MP: 8/8
  2679 | D:4      | Got a polished cloak
  2745 | D:4      | Found a snail-covered altar of Cheibriados.
  2864 | D:5      | Entered Level 5 of the Dungeon
  2926 | D:5      | HP: 1/34 [howler monkey (2)]
  2928 | D:5      | Reached skill level 8 in Short Blades
  2968 | D:5      | Slain by a scorpion

Vault maps used:
D:1:      dpeg_arrival_court, minmay_ruptured
D:2:      nemelex_altar_shiori, gammafunk_temple_overflow_statue,
          chequers_ecumenical_altar_grove, lemuel_tele_altar
D:3:      first_ration
D:4:      overflow_temple_1_default, overflow_temple_1_default,
          serial_corexii_hall, corexii_hall_statues_x, corexii_hall_statues_i,
          corexii_hall_statues_i, corexii_hall_statues_u, st_stairs_14

Skill      XL: |  1  2  3  4  5  6  7 |
---------------+----------------------+-----
Short Blades   | 3 4 5 6 7 8 |  8.2
Throwing       | 2 |  2.0
Fighting       | |  1.7
Dodging        | |  2.4

Action                   |  1- 3 |  4- 6 |  7- 9 || total
-------------------------+-------+-------+-------++-------
Melee: Rapier            |    69 |   166 |   116 ||   351
       Bite              |    23 |    60 |    28 ||   111
  Use: Scroll            |       |     9 |       ||     9
 Stab: Distracted        |       |     1 |       ||     1
  Eat: Chunk             |     1 |     4 |     1 ||     6
Armor: Chain mail        |    25 |    78 |   100 ||   203
       Leather armour    |     2 |       |       ||     2
Dodge: Dodged            |    28 |    53 |    59 ||   140

Table legend:
 A = Spawn XP
 B = Non-spawn XP
 C = Spawn XP percentage of total XP
 D = Spawn monster count
 E = Non-spawn monster count
 F = Spawn count percentage of total count
 G = Total turns spent on level
                    A         B        C        D         E        F      G
               +---------+---------+-------+---------+---------+-------+---------
         Total |       0 |    1120 |   0.0 |       0 |      87 |   0.0 |  2968
               +---------+---------+-------+---------+---------+-------+---------
           D:1 |       0 |      19 |   0.0 |       0 |       9 |   0.0 |   746
           D:2 |       0 |      83 |   0.0 |       0 |      28 |   0.0 |   840
           D:3 |       0 |     196 |   0.0 |       0 |      18 |   0.0 |   661
           D:4 |       0 |     403 |   0.0 |       0 |      21 |   0.0 |   617
           D:5 |       0 |     419 |   0.0 |       0 |      11 |   0.0 |   104
               +---------+---------+-------+---------+---------+-------+---------
